 Dungeon Crawl Stone Soup version 0.29-a0-775-g4d7333d4e2 (webtiles) character file.

Game seed: 13308045238813738311

90366 Ajdolov the Bludgeoner (level 16, -2/153 (185) HPs)
             Began as an Ogre Warper on July 1, 2022.
             Was a High Priest of Ru.
             Killed from afar by Jorgrun (60 damage)
             ... with an iron shot
             ... on level 2 of the Orcish Mines.
             The game lasted 01:04:14 (23713 turns).

Ajdolov the Bludgeoner (Ogre Warper)               Turns: 23713, Time: 01:04:15

HP:   -2/153 (185)  AC: 10    Str: 28    XL:     16   Next: 0%
MP:   19/19         EV: 13    Int: 14    God:    Ru [*****.]
Gold: 550           SH:  0    Dex:  8    Spells: 17/19 levels left

rFire   . . .      SeeInvis +   v - +3 giant spiked club (freeze)
rCold   + . .      Faith    .   (shield currently unavailable)
rNeg    . . .      Spirit   .   o - +2 troll leather armour
rPois   +          Reflect  .   (helmet restricted)
rElec   .          Harm     .   y - +2 cloak
rCorr   .          Rampage  .   (gloves unavailable)
Will    +....                   (boots unavailable)
Stlth   +.........              F - amulet of regeneration
HPRegen 1.95/turn               K - ring of Finality {rPois SInv}
MPRegen 0.16/turn               e - ring "Ocveth" {rC+ EV+4 Str+3}

@: exhausted, studying 2 skills, heavily drained
A: large, unfitting armour, tough skin 1, inability to use devices, hated by
all, no earth magic, no hexes magic, no translocations magic, missing an eye
a: Renounce Religion, Draw Out Power, Power Leap, Apocalypse


You were on level 2 of the Orcish Mines.
You worshipped Ru.
Ru was extremely pleased with you.
You visited 3 branches of the dungeon, and saw 23 of its levels.
You visited 1 bazaar.
You also visited: Bailey and Gauntlet.

You collected 3166 gold pieces.
You spent 2616 gold pieces at shops.

Inventory:

Hand Weapons
 v - a +3 giant spiked club of freezing (weapon)
Missiles
 c - 16 javelins
 d - 3 boomerangs of dispersal
 h - 2 throwing nets
 w - 19 boomerangs
 z - a curare-tipped dart
 I - 29 large rocks (quivered)
Armour
 o - a +2 troll leather armour (worn)
 y - a +2 cloak (worn)
Jewellery
 e - the ring "Ocveth" (right hand) {rC+ EV+4 Str+3}
   (You acquired it on level 6 of the Dungeon)

   [ring of evasion]

   EV:        It affects your evasion (+4).
   Str:       It affects your strength (+3).
   rC:        It protects you from cold.
 q - a ring of protection from fire
 F - an amulet of regeneration (around neck)
 K - the ring of Finality (left hand) {rPois SInv}
   (You bought it in a shop in a bazaar)

   [ring of poison resistance]

   rPois:     It protects you from poison.
   SInv:      It lets you see invisible.
 S - a ring of protection from fire
Wands
 a - a wand of flame (15)
 B - a wand of light (9)
 Q - a wand of polymorph (11)
 R - a wand of digging (5)
 T - a wand of mindburst (18)
 U - a wand of iceblast (8)
 X - a wand of paralysis (2)
Scrolls
 g - 4 scrolls of magic mapping
 i - 14 scrolls of teleportation
 m - 4 scrolls of immolation
 u - 6 scrolls of poison
 A - 4 scrolls of fear
 G - 4 scrolls of fog
 L - 3 scrolls of torment
 N - 2 scrolls of amnesia
 P - 2 scrolls of silence
Potions
 b - 3 potions of heal wounds
 f - 2 potions of brilliance
 j - 9 potions of ambrosia
 k - 4 potions of attraction
 l - 4 potions of lignification
 n - 2 potions of mutation
 p - 3 potions of magic
 r - a potion of berserk rage
 s - 8 potions of curing
 x - 8 potions of flight
 C - a potion of resistance
 D - 2 potions of cancellation
 E - 3 potions of haste
 J - 3 potions of might
 O - 4 potions of invisibility
Miscellaneous
 M - a phial of floods
 V - a condenser vane


   Skills:
 * Level 17.8 Fighting
 + Level 20.0 Maces & Flails
 - Level 10.0 Throwing
 - Level 2.1 Dodging
 - Level 2.4 Spellcasting


You had 17 spell levels left.
You knew the following spells:

 Your Spells              Type           Power      Damage    Failure   Level
a - Blink                 Tloc           2%         N/A       36%         2

Your spell library contained the following spells:

 Spells                   Type           Power      Damage    Failure   Level
 Foxfire                  Conj/Fire      4%         2x1d4     26%         1
 Static Discharge         Conj/Air       1%         3-4/arc   36%         2
 Conjure Flame            Conj/Fire      1%         6-21      58%         3
 Ozocubu's Armour         Ice            1%         N/A       58%         3
 Vampiric Draining        Necr           1%         2d6       58%         3
 Airstrike                Air            0%         0-2+      94%         4
 Flame Wave               Conj/Fire      1%         2d4       94%         4
 Olgreb's Toxic Radiance  Pois           1%         N/A       94%         4
 Alistair's Intoxication  Tmut/Pois      0%         N/A       100%        5
 Blade Hands              Tmut           0%         N/A       100%        5
 Lightning Bolt           Conj/Air       0%         1d11      100%        5
 Dragon Form              Tmut           0%         N/A       100%        7
 Ozocubu's Refrigeration  Ice            0%         4d5       100%        7
 Ignition                 Fire           0%         3d3       100%        8
 Maxwell's Capacitive Co  Air            0%         ∞         100%        8
 Apportation              Tloc           Unusable   N/A       N/A         1
 Sandblast                Erth           Unusable   2d4       N/A         1
 Slow                     Hex            Unusable   N/A       N/A         1
 Passwall                 Tmut/Erth      Unusable   N/A       N/A         2
 Confusing Touch          Hex            Unusable   N/A       N/A         3
 Gell's Gravitas          Tloc           Unusable   N/A       N/A         3
 Inner Flame              Hex/Fire       Unusable   N/A       N/A         3
 Lesser Beckoning         Tloc           Unusable   N/A       N/A         3
 Portal Projectile        Hex/Tloc       Unusable   N/A       N/A         3
 Stone Arrow              Conj/Erth      Unusable   3d7       N/A         3
 Teleport Other           Tloc           Unusable   N/A       N/A         3
 Tukima's Dance           Hex            Unusable   N/A       N/A         3
 Cause Fear               Hex            Unusable   N/A       N/A         4
 Summon Lightning Spire   Summ/Air       Unusable   N/A       N/A         4
 Manifold Assault         Tloc           Unusable   N/A       N/A         5
 Yara's Violent Unravell  Hex/Tmut       Unusable   3d3       N/A         5
 Dispersal                Tloc           Unusable   N/A       N/A         6
 Enfeeble                 Hex            Unusable   N/A       N/A         7
 Dragon's Call            Summ           Unusable   N/A       N/A         9

Dungeon Overview and Level Annotations

Branches:
Dungeon (15/15)            Temple (0/1) D:4            Lair (6/6) D:9
  Swamp (0/4) Lair:3        Snake (0/4) Lair:2        Slime (0/5) Lair:6
    Orc (2/2) D:10         Vaults (0/5) D:13         Depths (0/4) D:15
 Bailey (visited)         Gauntlet (visited)
    Elf: Orc:2

Altars:
Ashenzari
Dithmenos
Hepliaklqana
Kikubaaqudgha
Makhleb
Nemelex Xobeh
Ru
Sif Muna
Wu Jian
Xom
Yredelemnul
The Shining One
Jiyva

Shops:
D:3 !   D:4 =   D:5 ?   D:7 *[   D:9 (   D:11 :[   D:14 *

Annotations:
D:5 3 runed translucent doors, Azuvok's ghost, novice HOFi
D:6 1 runed translucent door, Megustar's ghost, novice DEFE
D:15 3 runed translucent doors, Figootz's ghost, journeyman DDFi
Lair:6 1 exclusion
Orc:2 Jorgrun


Innate Abilities, Weirdness & Mutations

You are too large for most types of armour.
You have tough skin. (AC +1)
You cannot study or use magical devices.
You are hated by all.
You cannot study or cast Earth magic.
You cannot study or cast Hexes magic.
You cannot study or cast Translocations magic.
You are missing an eye, making it more difficult to aim.


Message History

Jorgrun points at you and mumbles some strange words.
The iron shot hits you!!!
* * * LOW HITPOINT WARNING * * *
You turn to flesh and can move again.
Okay, then.
You are restored by drawing out deep reserves of power within.
You feel drained. Jorgrun barely misses you.
Unknown command.
You feel much better. Jorgrun hits you with a staff of earth.
Jorgrun shatters you.
You closely miss Jorgrun.
Jorgrun is heavily wounded.
Jorgrun closely misses you.
You cannot evoke magical items.
Throw: 2 throwing nets
Press: ? - help, Shift-Dir - straight line, f - Jorgrun
Aim: Jorgrun, wielding a staff of earth and wearing a +2 robe of resistance (heavily wounded, 41% to hit)
Okay, then.
Okay, then.
You puncture Jorgrun! You freeze Jorgrun.
Jorgrun is severely wounded.
You redirect Jorgrun's attack!
Jorgrun hits himself with a staff of earth!
You closely miss Jorgrun.
Jorgrun is severely wounded.
You completely miss Jorgrun.
Jorgrun is severely wounded.
Jorgrun casts a spell at you. The iron shot hits you!
You barely miss Jorgrun.
Jorgrun is severely wounded.
Jorgrun hits you with a staff of earth!
* * * LOW HITPOINT WARNING * * *
Jorgrun shatters you.
* * * LOW HITPOINT WARNING * * *
Unknown command.
You feel much better. Jorgrun gestures at you while chanting.
The iron shot hits you!!!
You die...

..............##
.................##
..................#
.................##
................##
.......$.........##
..................#
......$..$........#
......g@.........##
..................#
..................#
..................#
..................#
.................##
..................
.................


You could see Jorgrun.

Vanquished Creatures
  A reaper (Gauntlet)
  Nessos (D:12)
  A minotaur (Gauntlet)
  Josephine (Orc:1)
  Harold (Lair:2)
  Fannar (D:11)
  4 hydras
  2 vault guards (Bailey)
  2 ogre magi
  A hydra (shapeshifter) (D:13)
  Erolcha (Orc:1)
  Erica (D:8)
  12 two-headed ogres
  Nergalle (Lair:1)
  A soul eater (Gauntlet)
  4 slime creatures (D:14)
  A deep troll (D:13)
  2 wizards (D:15)
  A necromancer (D:15)
  A bog body (Lair:3)
  2 orc sorcerers (D:15)
  5 ugly things
  5 black mambas
  18 elephants
  7 cyclopes
  Maurice (D:11)
  2 centaur zombies (D:15)
  A gargoyle (D:14)
  12 cane toads
  2 unseen horrors
  A kobold demonologist (D:10)
  2 efreet
  5 rime drakes
  2 tengu conjurers
  12 komodo dragons
  A yaktaur (shapeshifter) (D:13)
  A polar bear (Lair:5)
  6 trolls
  A harpy zombie (D:15)
  3 meliai (Lair:4)
  A queen bee (Lair:4)
  A tyrant leech (Gauntlet)
  Prince Ribbit (D:5)
  A hornet (D:9)
  A raiju (Gauntlet)
  10 blink frogs
  13 dream sheep
  4 centaur simulacra
  Sigmund (D:5)
  3 shadows
  9 wyverns
  A water elemental (D:15)
  58 yaks
  A spriggan (shapeshifter) (D:13)
  6 wraiths
  A yak (shapeshifter) (D:14)
  6 humans (Bailey)
  5 basilisks
  3 steam dragons
  3 vampire mosquitoes (D:14)
  2 swamp worms (Gauntlet)
  3 nagas (Lair:2)
  A two-headed ogre zombie (D:10)
  An acid dragon (D:9)
  13 water moccasins
  Duvessa (D:5)
  A black bear (shapeshifter) (D:13)
  10 orc warriors
  3 black bears
  A sky beast (D:6)
  An ice beast (D:8)
  2 ogres
  8 wolves
  6 centaurs
  5 phantoms
  2 kobold brigands
  20 bullfrogs
  A gnoll sergeant (D:8)
  3 scorpions
  10 wights
  Dowan (D:5)
  19 killer bees
  2 troll zombies (D:10)
  2 howler monkeys
  2 electric eels
  A crimson imp (D:5)
  4 hounds
  A wyvern simulacrum (Gauntlet)
  12 orc priests
  2 boudas
  2 iguanas
  16 orc wizards
  5 ogre zombies (D:10)
  18 gnolls
  7 adders
  6 shadow imps
  A white imp (D:6)
  4 worms
  2 dart slugs
  55 orcs
  8 ball pythons
  4 bats
  5 endoplasms
  6 giant cockroaches
  11 goblins
  10 hobgoblins
  12 kobolds
  2 quokkas (D:4)
  5 frilled lizards
  2 goblin skeletons (D:10)
  2 goblin zombies (D:10)
  A hobgoblin skeleton (D:10)
  4 hobgoblin zombies (D:10)
  4 orc skeletons (D:10)
  12 orc zombies (D:10)
  2 rats
604 creatures vanquished.

Vanquished Creatures (others)
  A two-headed ogre (D:15)
  An elephant (Lair:2)
  A komodo dragon (Lair:3)
  An orc warrior (D:10)
  A bullfrog (Lair:1)
  An orc wizard (D:9)
  21 fungi
  43 plants
  A withered plant (Gauntlet)
71 creatures vanquished.

Grand Total: 675 creatures vanquished

Notes
Turn   | Place    | Note
-------+----------+-------------------------------------------
     0 | D:1      | Ajdolov the Ogre Warper began the quest for the Orb.
     0 | D:1      | Reached XP level 1. HP: 22/22 MP: 3/3
   184 | D:1      | Reached skill level 2 in Maces & Flails
   256 | D:1      | Reached XP level 2. HP: 29/29 MP: 5/5
  1102 | D:2      | Reached skill level 3 in Maces & Flails
  1158 | D:2      | Found a faded altar of an unknown god.
  1278 | D:2      | Reached XP level 3. HP: 34/36 MP: 6/6
  2327 | D:3      | Found a sacrificial altar of Ru.
  2338 | D:3      | Reached XP level 4. HP: 46/46 MP: 7/7
  2375 | D:3      | Became a worshipper of Ru the Awakened
  2393 | D:3      | Found a broken altar of Ashenzari.
  2512 | D:3      | Found Aqojeir's Distillery.
  2521 | D:3      | Bought a potion of heal wounds for 50 gold pieces
  2521 | D:3      | Bought a potion of curing for 30 gold pieces
  2521 | D:3      | Bought a potion of heal wounds for 50 gold pieces
  2521 | D:3      | Bought a potion of degeneration for 10 gold pieces
  2529 | D:3      | Learned a level 2 spell: Blink
  2808 | D:2      | Reached skill level 4 in Maces & Flails
  2808 | D:2      | Reached XP level 5. HP: 50/55 MP: 8/8
  3241 | D:4      | Found a staircase to the Ecumenical Temple.
  3249 | D:4      | Noticed a phantom
  3252 | D:4      | Reached skill level 5 in Fighting
  3275 | D:4      | Killed a phantom
  3276 | D:4      | Reached XP level 6. HP: 67/67 MP: 9/9
  3558 | D:4      | Found an ornate altar of the Wu Jian Council.
  3800 | D:4      | Found Archorhai's Jewellery Boutique.
  3926 | D:5      | Entered Level 5 of the Dungeon
  3963 | D:4      | Reached XP level 7. HP: 75/78 MP: 10/10
  4034 | D:5      | Noticed Prince Ribbit
  4060 | D:5      | Killed Prince Ribbit
  4061 | D:5      | Reached skill level 5 in Maces & Flails
  4237 | D:5      | Noticed Dowan
  4238 | D:5      | Noticed Duvessa
  4255 | D:5      | Killed Duvessa
  4267 | D:5      | Killed Dowan
  4268 | D:5      | Reached XP level 8. HP: 92/92 MP: 11/11
  4277 | D:5      | Noticed a wyvern
  4374 | D:5      | Found a burning altar of Makhleb.
  4375 | D:5      | Found a shimmering altar of Xom.
  4383 | D:5      | Found Otzod's Magic Scroll Emporium.
  4390 | D:5      | Bought a scroll of identify for 24 gold pieces
  4390 | D:5      | Bought 2 scrolls of teleportation for 72 gold pieces
  4396 | D:5      | Noticed Sigmund
  4416 | D:5      | Killed Sigmund
  4440 | D:5      | Found a runed translucent gate.
  4440 | D:5      | Found a runed translucent gate.
  4440 | D:5      | Found a runed translucent gate.
  4444 | D:5      | Noticed Azuvok's ghost (novice HOFi)
  4500 | D:5      | Reached skill level 10 in Fighting
  4715 | D:5      | Reached skill level 6 in Maces & Flails
  4914 | D:5      | Killed a wyvern
  5022 | D:5      | Reached XP level 9. HP: 74/105 MP: 12/12
  5339 | D:6      | Reached skill level 7 in Maces & Flails
  5662 | D:6      | Reached skill level 8 in Maces & Flails
  5834 | D:6      | Found an ancient bone altar of Kikubaaqudgha.
  6177 | D:6      | Found a runed translucent door.
  6177 | D:6      | Noticed Megustar's ghost (novice DEFE)
  6267 | D:6      | Reached skill level 9 in Maces & Flails
  6626 | D:6      | Identified a scroll of acquirement
  6626 | D:6      | Acquired the ring "Ocveth" {rC+ EV+4 Str+3}
  6735 | D:7      | Found Qeojimnoaru's General Store.
  6739 | D:7      | Bought a scroll of identify for 24 gold pieces
  6739 | D:7      | Bought 2 potions of curing for 72 gold pieces
  7032 | D:7      | Found Nicex's Armour Shop.
  7115 | D:7      | Reached XP level 10. HP: 115/115 MP: 13/13
  7280 | D:7      | Reached skill level 10 in Maces & Flails
  7913 | D:8      | Noticed Erica
  8176 | D:8      | HP: 3/115 [komodo dragon (19)]
  8470 | D:9      | Found a flagged portal.
  8493 | Bailey   | Entered a bailey
  8517 | Bailey   | Reached skill level 11 in Maces & Flails
  8704 | Bailey   | Reached skill level 12 in Maces & Flails
  8740 | Bailey   | Noticed a cane toad
  8752 | Bailey   | Killed a cane toad
  8759 | Bailey   | Noticed a vault guard
  8778 | Bailey   | Killed a vault guard
  8779 | Bailey   | Reached XP level 11. HP: 86/123 MP: 14/14
  8854 | Bailey   | Noticed a vault guard
  8871 | Bailey   | Killed a vault guard
  8872 | Bailey   | Reached skill level 13 in Maces & Flails
  9076 | D:9      | Found a shadowy altar of Dithmenos.
  9220 | D:8      | Killed Erica
  9631 | D:8      | Gained mutation: You are hated by all. [Ru sacrifice]
  9631 | D:8      | Reached * piety under Ru
  9631 | D:8      | Reached ** piety under Ru
 10139 | D:9      | Acquired 1391 gold pieces
 10345 | D:9      | Reached skill level 14 in Maces & Flails
 10453 | D:9      | Paralysed by a hornet for 1 turns
 10532 | D:9      | Found Sapemibb's Antique Weapon Shop.
 10555 | D:9      | Noticed a two-headed ogre
 10573 | D:9      | Killed a two-headed ogre
 11296 | D:9      | Found a staircase to the Lair.
 11366 | D:9      | Found a glowing golden altar of the Shining One.
 11374 | D:9      | Found a shimmering blue altar of Sif Muna.
 11457 | D:10     | Entered Level 10 of the Dungeon
 11574 | D:10     | Found a sparkling altar of Nemelex Xobeh.
 11636 | D:10     | Reached XP level 12. HP: 132/132 MP: 15/15
 11736 | D:10     | Found a staircase to the Orcish Mines.
 11771 | D:10     | Reached skill level 15 in Maces & Flails
 12039 | D:10     | Gained mutation: You are missing an eye, making it more
                  | difficult to aim. [Ru sacrifice]
 12039 | D:10     | Reached *** piety under Ru
 12344 | D:11     | Found Zufireak's Antique Armour Emporium.
 12596 | D:11     | Noticed Maurice
 12648 | D:11     | Killed Maurice
 12707 | D:11     | Found Zaetres's Antique Armour Shop.
 12709 | D:11     | Found Igraocs's Book Boutique.
 12750 | D:11     | Reached skill level 5 in Throwing
 12834 | D:11     | Noticed Fannar
 12860 | D:11     | Killed Fannar
 12922 | D:11     | Found a flickering gateway to a bazaar.
 12927 | Bazaar   | Entered a bazaar
 12927 | Bazaar   | Found Duass's Jewellery Shoppe.
 12927 | Bazaar   | Found Byurch's Jewellery Emporium.
 12928 | Bazaar   | Found Het Rugi's Jewellery Shoppe.
 12928 | Bazaar   | Found Xaw Urob's General Store.
 12953 | Bazaar   | Bought the ring of Finality {rPois SInv} for 218 gold
                  | pieces
 12967 | Bazaar   | Bought a scroll of torment for 135 gold pieces
 12967 | Bazaar   | Bought a potion of ambrosia for 144 gold pieces
 12967 | Bazaar   | Bought a phial of floods for 720 gold pieces
 12967 | Bazaar   | Bought a scroll of amnesia for 63 gold pieces
 12967 | Bazaar   | Bought a scroll of torment for 135 gold pieces
 13182 | D:4      | Bought an amulet of regeneration for 330 gold pieces
 13664 | D:11     | Reached skill level 17 in Maces & Flails
 13664 | D:11     | Reached XP level 13. HP: 140/140 MP: 16/16
 13749 | Lair:1   | Entered Level 1 of the Lair of Beasts
 14215 | Lair:1   | Noticed Nergalle
 14239 | Lair:1   | Killed Nergalle
 15127 | Lair:2   | Reached skill level 18 in Maces & Flails
 15140 | Lair:2   | Identified the +6 falchion of the Old World {vorpal, rElec
                  | rPois rF- SInv}
 15216 | Lair:2   | Found a staircase to the Snake Pit.
 15249 | Lair:2   | Reached XP level 14. HP: 138/149 MP: 17/17
 15818 | Lair:2   | Noticed Harold
 15829 | Lair:2   | Killed Harold
 16074 | Lair:3   | Identified the +2 quarterstaff "Eplech Futu" {flame, rElec
                  | Will- Str+2 Stlth+}
 16170 | Lair:3   | Found a staircase to the Swamp.
 17199 | Lair:4   | Found a gate leading to a gauntlet.
 17212 | Gauntlet | Entered a Gauntlet
 17212 | Gauntlet | Found a transporter.
 17218 | Gauntlet | Found a transporter.
 17219 | Gauntlet | Found a transporter.
 17227 | Gauntlet | Found a transporter.
 17231 | Gauntlet | Found a transporter.
 17240 | Gauntlet | Found a transporter.
 17243 | Gauntlet | Found a transporter.
 17251 | Gauntlet | Found a transporter.
 17253 | Gauntlet | Noticed a reaper
 17255 | Gauntlet | Found a transporter.
 17259 | Gauntlet | Found a runed translucent door.
 17261 | Gauntlet | Found a runed translucent door.
 17263 | Gauntlet | Found a transporter.
 17284 | Gauntlet | Found a transporter.
 17296 | Gauntlet | Found a transporter.
 17308 | Gauntlet | Found a transporter.
 17346 | Gauntlet | Found a transporter.
 17447 | Gauntlet | Killed a reaper
 17455 | Gauntlet | Identified the amulet "Cacrenn" {RegenMP SInv}
 17471 | Gauntlet | Reached skill level 19 in Maces & Flails
 17497 | Gauntlet | Identified the +5 halberd "Limuan" {protect, Drain rElec
                  | Int+7 Dex-5}
 17701 | D:7      | Bought a scroll of brand weapon for 240 gold pieces
 19516 | Lair:6   | Entered Level 6 of the Lair of Beasts
 19534 | Lair:6   | Reached XP level 15. HP: 149/162 MP: 18/18
 19570 | Lair:6   | Gained mutation: You cannot study or cast Earth magic. [Ru
                  | sacrifice]
 19570 | Lair:6   | Gained mutation: You cannot study or cast Hexes magic. [Ru
                  | sacrifice]
 19570 | Lair:6   | Gained mutation: You cannot study or cast Translocations
                  | magic. [Ru sacrifice]
 19570 | Lair:6   | Reached **** piety under Ru
 19607 | Lair:6   | Found a staircase to the Slime Pits.
 20486 | D:12     | Noticed Nessos
 20496 | D:12     | Reached skill level 10 in Throwing
 20531 | D:12     | Killed Nessos
 21297 | D:13     | Reached skill level 15 in Fighting
 21559 | D:13     | Found a gate to the Vaults.
 22155 | D:14     | Gained mutation: You cannot study or use magical devices.
                  | [Ru sacrifice]
 22155 | D:14     | Reached ***** piety under Ru
 22251 | D:14     | Found Ecy Oxzi's Assorted Antiques.
 22257 | D:14     | Bought a scroll of teleportation for 69 gold pieces
 22257 | D:14     | Bought a scroll of teleportation for 69 gold pieces
 22257 | D:14     | Bought a scroll of teleportation for 69 gold pieces
 22257 | D:14     | Bought a scroll of fog for 46 gold pieces
 22257 | D:14     | Bought a scroll of fog for 46 gold pieces
 22409 | D:15     | Entered Level 15 of the Dungeon
 22647 | D:15     | Found a shimmering altar of Xom.
 22855 | D:15     | Found a runed translucent gate.
 22855 | D:15     | Found a runed translucent gate.
 22855 | D:15     | Found a runed translucent gate.
 22871 | D:15     | Noticed a tengu reaver
 22889 | D:15     | Noticed a storm dragon
 22896 | D:15     | Noticed Figootz's ghost (journeyman DDFi)
 23028 | D:15     | Found a staircase to the Depths.
 23383 | Orc:1    | Entered Level 1 of the Orcish Mines
 23384 | Orc:1    | Noticed Erolcha
 23386 | Orc:1    | Killed Erolcha
 23387 | Orc:1    | Reached skill level 20 in Maces & Flails
 23463 | Orc:2    | Entered Level 2 of the Orcish Mines
 23463 | Orc:2    | Noticed Josephine
 23470 | Orc:1    | Killed Josephine
 23501 | Orc:1    | Reached XP level 16. HP: 81/162 MP: 19/19
 23689 | Orc:2    | Noticed Jorgrun
 23705 | Orc:2    | HP: 1/162 [Jorgrun/iron shot (27)]
 23713 | Orc:2    | Killed from afar by Jorgrun

Illustrated notes

Levels and vault maps discovered:
D:1:      roderic_chinese_lattice_arrival, layout_loops_ring
D:2:      layout_basic, ebering_ecumenical_altar_petrified, serial_bayou_pond_c
D:3:      layout_loops_cross, nicolae_ashenzari_skybound,
          nicolae_ru_great_annihilating_truth, serial_shops, nicolae_shop_stone,
          grunt_decor_arrowhead
D:4:      layout_loops_cross, nzn_wu_jian_council_hall,
          minmay_temple_entry_junction, serial_shops, nicolae_diamond_shop,
          minmay_manual_monolith
D:5:      minmay_clustersquares, layout_basic,
          grunt_temple_overflow_champion_of_chaos, serial_shops,
          nicolae_square_shop, ebering_ghost_rock_garden, chequers_mini_garden,
          hangedman_decor_riveting, uniq_duvessa, uniq_prince_ribbit1,
          uniq_sigmund
D:6:      layout_basic, mainiacjoe_overflow_tiny_flanked,
          hellmonk_ghost_happy_afterlife
D:7:      layout_layer_cave, serial_shops, nicolae_take_the_stairs,
          nicolae_shop_hallway_stairs, grunt_ministairs_9
D:8:      layout_basic, uniq_erica
D:9:      layout_basic, nicolae_dithmenos_through_a_glass_darkly, minitemple,
          erik_lair_dragon, serial_shops, shop, enter_bailey_4
D:10:     layout_rooms, lemuel_round_altar, gammafunk_temple_overflow_elements,
          zombieorc2_lemuel
D:11:     layout_loops_ring, serial_shops, bzr_entry_road, shop_statue,
          nicolae_stop_n_shop_1, kennysheep_mini, minmay_misc_feat_roman,
          uniq_fannar, uniq_maurice
D:12:     layout_small_grid, uniq_nessos
D:13:     layout_loops_cross, david_vaults_4
D:14:     layout_rooms, dreamdust_princess_bridge, kennysheep_small_circle
D:15:     grunt_enter_depths_magical_seal, layout_basic, gammafunk_ghost_split,
          xom_teletrap_fun, lightli_corner_chamber
Lair:1:   layout_gridlike, st_stairs_7, beast_lair_carwin_9, grunt_megastairs_3,
          infiniplex_staircase_pool, uniq_nergalle
Lair:2:   layout_regular_city, guppyfry_snake_entry_garden,
          nicolae_lair_grazing_beasts [nicolae_sub_lair_graze_edge,
          nicolae_sub_lair_graze_edge, nicolae_sub_lair_graze_edge,
          nicolae_sub_lair_graze_edge], uniq_harold
Lair:3:   layout_roguey, skrybe_swamp_entry_bodies, serial_bayou_pond_e,
          grunt_megastairs_4, lemuel_fruit_fields
Lair:4:   layout_cave_pods, gauntlet_entry_generic, special_room
          [special_room_bee], beast_lair_carwin_5, grunt_megastairs_1
Lair:5:   layout_concentric_octagons, serial_bayou_pond_e
Lair:6:   hellmonk_lair_end_abyssal_woods, layout_misc_corridors, slime_entry_1
Orc:1:    layout_diamond_mine, uniq_erolcha
Orc:2:    st_orc_rangers, layout_diamond_mine, mines3_lemuel, uniq_jorgrun,
          uniq_josephine, uniq_donald

Skill      XL: |  1  2  3  4  5  6  7  8  9 10 11 12 13 14 15 |
---------------+----------------------------------------------+-----
Maces & Flails | 2 3 4 5 6 9 12 14 17 18 19 20 | 20.0
Fighting       | 3 4 6 7 9 11 12 13 17 | 17.8
Throwing       | 3 5 7 9 10 | 10.0
Translocations | 0 |  0.0
Dodging        | |  2.1
Spellcasting   | |  2.4

Action                   |  1- 3 |  4- 6 |  7- 9 | 10-12 | 13-15 | 16-18 || total
-------------------------+-------+-------+-------+-------+-------+-------++-------
Melee: Whip              |   117 |   108 |       |       |       |       ||   225
       Mace              |    10 |   106 |   343 |       |       |       ||   459
       Punch             |       |     1 |     6 |       |       |       ||     7
       Flail             |       |       |    59 |       |       |       ||    59
       Giant spiked club |       |       |     5 |   717 |   929 |    18 ||  1669
Throw: Boomerang         |     3 |       |       |     3 |     7 |       ||    13
       Throwing net      |       |       |       |     1 |     2 |       ||     3
       Dart              |       |       |       |     1 |     1 |       ||     2
       Javelin           |       |       |       |     1 |       |       ||     1
       Large rock        |       |       |       |       |     7 |       ||     7
Invok: Reject Sacrifices |       |     1 |       |       |     1 |       ||     2
       Sacrifice Love    |       |       |       |     1 |       |       ||     1
       Sacrifice an Eye  |       |       |       |     1 |       |       ||     1
       Draw Out Power    |       |       |       |       |     2 |     1 ||     3
       Apocalypse        |       |       |       |       |     2 |       ||     2
       Sacrifice Artific |       |       |       |       |     1 |       ||     1
       Sacrifice Arcana  |       |       |       |       |     1 |       ||     1
Evoke: Wand              |       |       |       |     3 |     4 |       ||     7
       Phantom mirror    |       |       |       |     1 |       |       ||     1
       Condenser vane    |       |       |       |       |     1 |       ||     1
  Use: Scroll            |       |       |    11 |    16 |    13 |       ||    40
       Potion            |       |       |     1 |     3 |     7 |     2 ||    13
 Stab: Paralysed         |       |     2 |       |       |     6 |       ||     8
       Invisible         |       |     1 |       |       |     7 |       ||     8
       Distracted        |       |       |       |       |     6 |       ||     6
       Held in net/web   |       |       |       |       |     1 |       ||     1
       Confused          |       |       |       |       |     2 |       ||     2
Armor: Robe              |    18 |       |       |       |       |       ||    18
       Troll leather arm |    15 |   107 |   201 |   313 |   344 |     8 ||   988
       Skin              |       |       |    24 |       |       |       ||    24
Dodge: Dodged            |    49 |    93 |   170 |   548 |   600 |     7 ||  1467

Table legend: (Time is in decaauts)
 A = Elapsed time spent in this place.
 B = Non-inter-level travel time spent in this place.
 C = Inter-level travel time spent in this place.
 D = Time resting spent in this place.
 E = Time spent auto-exploring this place.
 F = Levels seen in this place.
 G = Mean time per level.
                   A        B        C        D        E       F      G
               +--------+--------+--------+--------+--------+-----+--------+
         Total |  23793 |  21798 |   1995 |   1569 |  13482 |  26 |  915.1 |
       Dungeon |  16785 |  15234 |   1551 |   1125 |   9673 |  15 | 1119.0 |
          Lair |   5688 |   5245 |    443 |     98 |   3582 |   6 |  948.0 |
  Orcish Mines |    375 |    375 |      0 |     90 |    166 |   2 |  187.5 |
        Bazaar |     51 |     51 |      0 |      0 |     18 |   1 |   51.0 |
        Bailey |    594 |    594 |      0 |    255 |     41 |   1 |  594.0 |
      Gauntlet |    298 |    298 |      0 |      0 |      0 |   1 |  298.0 |
               +--------+--------+--------+--------+--------+-----+--------+

Top non-repeatable levels by time:
     D:9: 1845 daAuts
     D:8: 1599 daAuts
     D:7: 1575 daAuts
     D:5: 1461 daAuts
  Lair:4: 1337 daAuts
     D:6: 1287 daAuts
     D:2: 1248 daAuts
  Lair:2: 1136 daAuts
     D:1: 1061 daAuts
  Lair:1: 1052 daAuts
    D:10: 1017 daAuts
     D:3: 978 daAuts
    D:11: 953 daAuts
  Lair:3: 888 daAuts
    D:15: 878 daAuts
